Map: Cosmic Sapphire

Players

RiSkyZ (RiSky)

  • Race: Zerg Zerg
  • Spawn Location: 5:00

PtitDrogo - Winner!

  • Race: Protoss Protoss
  • Spawn Location: 11:00

Event: HomeStory Cup XXII

VOD

Have the link to the VOD?

Description

Time

  • Played on: Dec. 15, 2022, 8:56 a.m.
  • Length: 11:12

All games in this series

Show
View Real Time Build Order
Export as new Build Order

RiSkyZ Zerg 

Build Orders: Hatch First 

Get SALT Encoding   

  12  0:00  Drone  
  13  0:12  Overlord  
  13  0:17  Drone  
  14  0:31  Drone x2  
  16  0:47  Drone  
  17  0:52  Hatchery  
  17  0:54  Drone  
  17  0:58  Drone  
  18  1:08  Extractor  
  17  1:13  Spawning Pool  
  17  1:17  Drone  
  17  1:21  Drone  
  18  1:29  Drone  
  19  1:39  Drone  
  20  1:50  Overlord  
  20  2:01  Zergling x2  
  20  2:04  Queen  
  20  2:05  Queen  
  20  2:06  Zergling x2  
  26  2:13  Drone  
  26  2:14  Metabolic Boost  
  26  2:15  Drone  
  29  2:22  Drone  
  29  2:26  Drone  
  30  2:34  Drone  
  31  2:37  Drone  
  32  2:45  Hatchery  
  32  2:47  Queen  
  32  2:51  Overlord  
  33  2:58  Zergling x2  
  33  3:00  Drone x2  
  33  3:03  Spore Crawler  
  34  3:11  Drone x2  
  35  3:15  Queen  
  35  3:16  Drone  
  39  3:21  Zergling x2, Drone  
  39  3:22  Zergling x2  
  39  3:25  Queen  
  44  3:28  Overlord  
  43  3:47  Overlord  
  43  3:48  Drone x6  
  43  3:50  Spore Crawler  
  47  3:57  Drone x2  
  47  3:58  Zergling x2  
  47  3:59  Drone  
  47  4:01  Drone  
  52  4:03  Drone  
  52  4:07  Queen  
  55  4:11  Drone  
  55  4:13  Drone x2  
  58  4:17  Drone  
  58  4:19  Drone  
  58  4:20  Spore Crawler  
  59  4:28  Drone, Overlord  
  59  4:30  Drone x2  
  62  4:32  Drone  
  62  4:36  Drone x2  
  62  4:37  Drone  
  65  4:42  Drone, Overlord  
  66  4:46  Overlord, Evolution Chamber  
  66  4:47  Lair  
  66  4:49  Zergling x4  
  67  4:53  Spore Crawler  
  67  4:56  Zergling x2  
  66  5:03  Zergling x4  
  66  5:05  Hatchery  
  67  5:07  Drone  
  67  5:09  Drone x3  
  67  5:11  Drone  
  72  5:21  Drone x10  
  80  5:23  Zerg Melee Weapons Level 1  
  80  5:28  Hatchery  
  79  5:35  Overlord  
  79  5:38  Zergling x8  
  79  5:41  Queen, Hatchery  
  84  5:45  Zergling x6  
  86  5:52  Zergling x6  
  86  5:53  Extractor  
  86  5:54  Overlord x2  
  88  5:58  Extractor  
  88  5:59  Baneling Nest  
  88  6:00  Queen  
  88  6:02  Extractor  
  88  6:03  Overlord  
  88  6:04  Overlord  
  87  6:05  Drone x2  
  87  6:09  Drone x2  
  87  6:10  Drone  
  92  6:16  Drone x3  
  92  6:17  Drone x4  
  99  6:24  Drone  
  99  6:25  Drone x2  
  99  6:28  Extractor  
  99  6:30  Drone  
  99  6:31  Hydralisk Den, Drone  
  99  6:33  Drone  
  99  6:36  Extractor  
  99  6:40  Drone x3  
  99  6:45  Drone x3  
  99  6:47  Drone  
  106  6:48  Spore Crawler, Drone  
  106  6:51  Drone  
  106  6:53  Drone x2  
  106  6:54  Drone x2  
  111  6:55  Drone, Extractor  
  111  6:56  Drone, Centrifugal Hooks, Extractor  
  111  6:58  Drone  
  111  7:00  Overlord  
  112  7:02  Zergling x4  
  112  7:08  Grooved Spines  
  114  7:10  Hydralisk x5  
  114  7:13  Hydralisk  
  126  7:16  Hydralisk  
  128  7:28  Hydralisk x4  
  136  7:31  Hydralisk  
  136  7:35  Drone x2  
  136  7:36  Drone x6  
  146  7:37  Zergling x8  
  146  7:39  Overlord x3  
  146  7:42  Overlord  
  150  7:46  Zerg Melee Weapons Level 2  
  150  7:47  Overlord x3  
  150  7:51  Overlord  
  150  7:54  Spore Crawler  
  150  7:56  Spine Crawler x2  
  150  7:58  Spine Crawler  
  146  8:00  Zergling x12  
  146  8:03  Zergling x8  
  153  8:13  Drone x10  
  153  8:19  Muscular Augments  
  163  8:22  Zergling x10  
  163  8:24  Baneling x9  
  163  8:25  Baneling x9  
  163  8:27  Zergling x4  
  170  8:32  Zergling x2, Extractor  
  170  8:33  Zergling x4  
  172  8:37  Zergling x12  
  176  8:46  Zergling x2  
  176  8:47  Zergling x6  
  175  8:56  Hydralisk x2  
  175  8:59  Baneling x40  
  179  9:14  Spine Crawler x2  
  179  9:15  Zergling x26  
  188  9:20  Zergling x6  
  191  9:27  Hydralisk x4  
  197  9:33  Hatchery  
  197  9:38  Zergling x18  
  190  9:42  Zergling x2  
  190  9:43  Zergling x4  
  191  9:45  Baneling  
  191  9:46  Baneling x13  
  191  9:48  Zergling x4  
  193  9:53  Zergling x6  
  193  9:55  Zergling x6  
  199  10:11  Infestation Pit  
  196  10:15  Zergling x8  
  198  10:27  Zergling x2  
  198  10:28  Zergling x28  
  197  10:30  Zergling x6  
  197  10:32  Hydralisk  
  153  10:39  Hydralisk x3  
  142  10:43  Hydralisk x2  
  134  10:50  Spire  
Show
View Real Time Build Order
Export as new Build Order

PtitDrogo Protoss - Winner!

Build Orders: 1 Gate Expand, Oracle Opening, Zealot Archon 

Get SALT Encoding   

  12  0:00  Probe  
  13  0:12  Probe  
  14  0:23  Pylon  
  14  0:24  Probe  
  15  0:41  Probe (Chrono Boost), Gateway  
  17  0:51  Probe (Chrono Boost)  
  17  0:52  Assimilator  
  17  0:56  Probe (Chrono Boost)  
  18  1:07  Probe  
  19  1:19  Probe  
  20  1:27  Nexus  
  20  1:37  Cybernetics Core  
  20  1:40  Probe  
  21  1:49  Assimilator  
  21  1:52  Probe  
  22  1:54  Pylon  
  22  2:04  Probe  
  23  2:10  Adept (Chrono Boost)  
  25  2:16  Probe  
  25  2:20  Stargate  
  26  2:28  Probe  
  27  2:32  Warp Gate  
  27  2:33  Adept  
  29  2:40  Probe (Chrono Boost)  
  31  2:45  Probe (Chrono Boost)  
  32  2:52  Probe (Chrono Boost)  
  32  2:56  Probe x2 (Chrono Boost)  
  34  3:05  Probe  
  35  3:06  Oracle (Chrono Boost)  
  35  3:07  Probe  
  38  3:17  Probe, Pylon  
  39  3:21  Probe  
  39  3:22  Gateway  
  40  3:29  Probe  
  40  3:33  Oracle (Chrono Boost), Probe  
  45  3:43  Probe  
  46  3:48  Nexus  
  46  3:51  Probe  
  46  3:55  Pylon  
  47  3:56  Probe  
  48  4:03  Probe (Chrono Boost)  
  48  4:05  Oracle  
  48  4:08  Probe (Chrono Boost)  
  53  4:15  Probe (Chrono Boost)  
  53  4:17  Pylon  
  54  4:18  Assimilator  
  54  4:20  Adept, Assimilator  
  54  4:21  Probe (Chrono Boost)  
  57  4:24  Probe (Chrono Boost)  
  57  4:26  Probe (Chrono Boost)  
  57  4:28  Pylon  
  59  4:32  Probe  
  59  4:35  Probe  
  61  4:44  Probe  
  62  4:48  Probe  
  62  4:50  Zealot  
  65  4:54  Twilight Council  
  65  4:55  Forge  
  65  4:56  Probe (Chrono Boost)  
  65  4:58  Robotics Facility  
  66  5:01  Probe (Chrono Boost)  
  66  5:02  Shield Battery  
  66  5:05  Probe (Chrono Boost)  
  69  5:08  Probe (Chrono Boost)  
  69  5:11  Probe (Chrono Boost)  
  70  5:21  Probe x2  
  70  5:22  Probe  
  70  5:24  Protoss Ground Weapons Level 1 (Chrono Boost)  
  70  5:25  Pylon  
  73  5:29  Gateway x2  
  73  5:30  Charge  
  73  5:33  Templar Archives  
  73  5:35  Probe (Chrono Boost)  
  76  5:38  Probe (Chrono Boost)  
  76  5:40  Probe (Chrono Boost), Assimilator x2  
  76  5:44  Pylon  
  76  5:46  Zealot x2  
  76  5:49  Observer  
  81  5:55  Probe  
  81  5:56  Probe x2  
  84  5:59  Gateway  
  84  6:00  Gateway  
  84  6:02  Gateway  
  84  6:07  Gateway, Probe  
  84  6:08  Probe x2  
  84  6:10  Psionic Storm  
  87  6:19  Probe, Pylon  
  87  6:23  High Templar x3  
  87  6:24  Zealot  
  94  6:28  Pylon  
  94  6:29  Shield Battery  
  94  6:33  Warp Prism (Chrono Boost)  
  94  6:34  Photon Cannon  
  96  6:42  Probe x2, Pylon  
  96  6:43  Pylon  
  98  6:47  High Templar  
  98  6:52  Probe  
  101  6:54  Photon Cannon  
  101  6:55  Pylon  
  101  7:00  Nexus  
  101  7:02  Immortal (Chrono Boost)  
  101  7:03  Pylon  
  101  7:06  High Templar x2  
  101  7:07  High Templar  
  111  7:11  Archon  
  111  7:13  Protoss Ground Weapons Level 2 (Chrono Boost)  
  111  7:14  Probe  
  112  7:16  Shield Battery  
  112  7:23  Probe  
  112  7:24  Blink (Chrono Boost)  
  112  7:25  Photon Cannon  
  112  7:26  Photon Cannon  
  113  7:30  Probe  
  113  7:33  Photon Cannon  
  114  7:40  Probe x2  
  114  7:41  Immortal  
  120  7:47  Probe  
  120  7:48  High Templar x2  
  120  7:49  Zealot x2  
  129  7:57  Probe x2  
  131  8:01  Gateway  
  131  8:02  Gateway  
  131  8:04  Gateway  
  131  8:06  Probe  
  131  8:08  Assimilator  
  131  8:09  Probe x2  
  131  8:12  Assimilator  
  131  8:15  Probe  
  131  8:17  High Templar  
  131  8:18  Zealot x4, Probe, High Templar  
  145  8:21  Archon, Probe  
  145  8:25  High Templar x2  
  145  8:26  Probe  
  151  8:27  Pylon  
  151  8:29  Pylon  
  151  8:31  Pylon  
  151  8:32  Gateway  
  151  8:34  Pylon  
  151  8:46  High Templar x2  
  151  8:47  Zealot x2  
  159  8:51  Archon  
  159  8:55  Zealot x2, High Templar x2  
  161  8:58  Archon  
  165  9:13  Photon Cannon  
  165  9:14  High Templar  
  165  9:15  Zealot x4, High Templar  
  165  9:16  Zealot  
  163  9:18  Archon  
  163  9:24  Warp Prism (Chrono Boost)  
  151  9:47  High Templar x5  
  151  9:50  High Templar  
  151  9:51  Zealot x6  
  173  9:53  Archon  
  173  9:54  Archon x2, Observer  
  173  10:00  Nexus  
  173  10:01  Pylon  
  173  10:13  Observer (Chrono Boost)  
  169  10:16  Zealot x2  
  169  10:17  Zealot x4  
  169  10:19  Zealot x4  
  169  10:20  Zealot  
  187  10:31  Archon  
  187  10:34  Zealot  
  148  10:42  Warp Prism (Chrono Boost)  
  148  10:43  Zealot x10  
  167  11:02  Zealot  
  159  11:05  Zealot x9  
  159  11:06  Zealot  
Tags
 
Add a new tag
Caveats
  • Supply blocks, unpowered buildings, or Contaminate may cause inaccurate times.
  • Supply counts are checked every 10 seconds.